 Dungeon Crawl Stone Soup version 0.29-a0-275-g389c0b56f3 (webtiles) character file.

Game seed: 5982034108632646561

1757 drugrobin the Cleaver (level 8, -2/70 HPs)
             Began as a Demigod Fighter on Mar 9, 2022.
             Slain by an iguana (3 damage)
             ... on level 6 of the Dungeon.
             The game lasted 00:14:42 (6689 turns).

drugrobin the Cleaver (Demigod Fighter)             Turns: 6689, Time: 00:14:43

Health: -2/70      AC: 14    Str: 25    XL:     8   Next: 49%
Magic:  10/10      EV:  7    Int: 10    God:
Gold:   235        SH:  4    Dex: 13    Spells: 5/7 levels left

rFire   . . .      SeeInvis .   a - +2 flail (protect)
rCold   . . .      Faith    .   t - +0 buckler
rNeg    . . .      Spirit   .   f - +0 chain mail
rPois   .          Reflect  .   (no helmet)
rElec   .          Harm     .   z - +2 cloak
rCorr   +          Rampage  .   k - +0 pair of gloves
Will    .....                   (no boots)
Stlth   ..........              q - amulet of the acrobat
HPRegen 0.21/turn               y - ring of flight
MPRegen 0.12/turn               H - ring of resist corrosion

@: flying
A: high MP 1, forlorn, divine attributes
a: no special abilities


You were on level 6 of the Dungeon.
You visited 1 branch of the dungeon, and saw 6 of its levels.
You also visited: Ossuary.

You collected 235 gold pieces.

Inventory:

Hand Weapons
 a - a +2 flail of protection (weapon)
 b - a +0 hunting sling
 c - a +1 trident of freezing
 d - a +0 war axe
 e - a +1 short sword of venom
Missiles
 n - 69 stones
 s - a boomerang (quivered)
 u - 2 poisoned darts
Armour
 f - a +0 chain mail (worn)
 k - a +0 pair of gloves (worn)
 t - a +0 buckler (worn)
 z - a +2 cloak (worn)
Jewellery
 q - an amulet of the acrobat (around neck)
 y - a ring of flight (left hand)
 H - a ring of resist corrosion (right hand)
Wands
 F - a wand of iceblast (9)
Scrolls
 g - a scroll of enchant weapon {unknown}
 j - 2 scrolls of fog {unknown}
 o - a scroll of vulnerability {unknown}
 r - a scroll of amnesia {unknown}
 w - 2 scrolls of fear {unknown}
 A - 4 scrolls of teleportation
 D - a scroll of immolation
Potions
 h - 6 potions of haste
 l - 2 potions of flight
 m - a potion of cancellation
 p - 3 potions of brilliance {unknown}
 v - a potion of attraction {unknown}
 x - 4 potions of might
 B - 2 potions of heal wounds {unknown}
 C - a potion of resistance {unknown}
 E - a potion of berserk rage {unknown}
 G - a potion of mutation {unknown}


   Skills:
 + Level 6.1 Fighting
 * Level 8.0 Axes
 + Level 4.7 Armour
 - Level 2.8 Shields


You had 5 spell levels left.
You knew the following spells:

 Your Spells              Type           Power      Damage    Failure   Level
a - Blink                 Tloc           0%         N/A       99%         2

Your spell library contained the following spells:

 Spells                   Type           Power      Damage    Failure   Level
 Animate Skeleton         Necr           0%         N/A       97%         1
 Magic Dart               Conj           0%         1d3       97%         1
 Pain                     Necr           0%         1d4       97%         1
 Sandblast                Erth           0%         2d4       97%         1
 Call Imp                 Summ           0%         N/A       99%         2
 Passwall                 Tmut/Erth      0%         N/A       99%         2
 Lesser Beckoning         Tloc           0%         N/A       100%        3
 Mephitic Cloud           Conj/Pois/Air  0%         N/A       100%        3
 Stone Arrow              Conj/Erth      0%         3d7       100%        3
 Vampiric Draining        Necr           0%         2d6       100%        3
 Manifold Assault         Tloc           0%         N/A       100%        5


Dungeon Overview and Level Annotations

Branches:
Dungeon (6/15)            Ossuary (visited)
 Temple: D:4-7

Shops:
D:1 ?


Innate Abilities, Weirdness & Mutations

You have an increased reservoir of magic. (+10% MP)
You shall have no god before yourself.
Your divine heritage dramatically boosts your attributes as you level up.


Message History

You closely miss the iguana.
The iguana is lightly wounded.
The iguana bites you but does no damage.
The orc barely misses you.
Unknown command.
Your weapon is exuding a protective aura.
You are flying.
Your flying speed is average.
Your attack delay is about 1.1.
Unknown command.
Unknown command.
You barely miss the iguana.
The iguana is lightly wounded.
You block the iguana's attack. The orc hits you but does no damage.
Unknown command.
Unknown command.
Unknown command.
Unknown command.
Unknown command.
You barely miss the iguana.
The iguana is lightly wounded.
The orc hits you but does no damage. The iguana bites you.
* * * LOW HITPOINT WARNING * * *
The orc hits you but does no damage. The iguana bites you!
* * * LOW HITPOINT WARNING * * *
Unknown command.
Unknown command.
Unknown command.
Okay, then.
You fade into invisibility!
The iguana barely misses you.
The orc throws a stone.
The stone hits the orc.
The orc barely misses you.
It was a potion of flight.
You feel more buoyant.
The iguana bites you but does no damage.
The orc hits you but does no damage.
It was a potion of cancellation.
Your magical effects are unravelling.
You feel magically purged.
You flicker back into view.
The iguana bites you.
You die...

............. #..
#####+###.... #.c
####........ #..
#.....##.... #..
#......#.... #..
###......#.... .####..
#.....#....#..
.......#####.....#.#..#..
.......l@ooo.....#.#.>...
..##########.....#.######
#.....#.# #.....#.#
#.....#.# #.....#.#
#####.... ##.


You could see an iguana and 3 orcs.

Vanquished Creatures
  Pikel (D:3)
  Edmund (D:3)
  A sky beast (D:5)
  A black bear (D:6)
  An ogre (D:5)
  A centaur (D:6)
  2 phantoms
  4 water moccasin zombies (Ossuary)
  A howler monkey (D:5)
  2 orc priests (D:5)
  An iguana (D:6)
  5 orc wizards
  2 mummies (Ossuary)
  4 gnolls
  5 adders
  A white imp (D:5)
  2 ufetubi
  3 adder zombies (Ossuary)
  2 worms (D:3)
  2 dart slugs
  8 orcs
  3 ball pythons
  4 endoplasms
  4 giant cockroaches
  2 goblins
  8 hobgoblins
  4 jackals (D:1)
  6 kobolds
  6 quokkas
  4 bats
  3 frilled lizards
  3 gnoll zombies (Ossuary)
  6 hobgoblin zombies (Ossuary)
  4 kobold zombies (Ossuary)
  7 orc zombies (Ossuary)
  5 rats
119 creatures vanquished.

Vanquished Creatures (others)
  3 plants (D:1)
3 creatures vanquished.

Grand Total: 122 creatures vanquished

Notes
Turn   | Place    | Note
-------+----------+-------------------------------------------
     0 | D:1      | drugrobin the Demigod Fighter began the quest for the Orb.
     0 | D:1      | Reached XP level 1. HP: 18/18 MP: 3/3
   268 | D:1      | Reached skill level 2 in Axes
   302 | D:1      | Reached XP level 2. HP: 25/25 MP: 4/4
   662 | D:1      | Reached XP level 3. HP: 19/31 MP: 5/5
   988 | D:1      | Found Ugawkis's Magic Scroll Shop.
  1397 | D:2      | Reached skill level 3 in Axes
  2255 | D:3      | Reached XP level 4. HP: 35/38 MP: 6/6
  2864 | D:4      | Noticed Edmund
  3251 | D:4      | Noticed Pikel
  3254 | D:4      | Learned a level 2 spell: Blink
  3277 | D:3      | Killed Pikel
  3278 | D:3      | Reached skill level 5 in Axes
  3278 | D:3      | Reached XP level 5. HP: 15/47 MP: 7/7
  3278 | D:3      | Reached XP level 6. HP: 17/53 MP: 8/8
  3623 | D:3      | Reached skill level 6 in Axes
  3623 | D:3      | Reached XP level 7. HP: 42/60 MP: 9/9
  3739 | D:3      | Killed Edmund
  3740 | D:3      | Reached skill level 5 in Fighting
  4624 | D:5      | Entered Level 5 of the Dungeon
  4720 | D:5      | Found a sand-covered staircase.
  4728 | Ossuary  | Entered an ossuary
  4899 | Ossuary  | Reached skill level 7 in Axes
  5014 | D:5      | Reached XP level 8. HP: 59/69 MP: 10/10
  6665 | D:6      | Reached skill level 8 in Axes
  6686 | D:6      | HP: 1/70 [iguana (11)]
  6689 | D:6      | Slain by an iguana

Illustrated notes

Levels and vault maps discovered:
D:1:      eino_arrival_water_cross, layout_loops_ring, serial_shops, shop,
          shapermc_ecumenical_altar_mp_ritualfount, wad_floor_pattern_2
D:2:      layout_rooms
D:3:      layout_basic, nicolae_overflow_hidden_temple
D:4:      layout_basic, uniq_pikel, uniq_edmund
D:5:      layout_basic, nicolae_ossuary_entry_false_entrances
D:6:      layout_basic, minmay_hedge_maze, kennysheep_generic_room_4

Skill      XL: |  1  2  3  4  5  6  7  8 |
---------------+-------------------------+-----
Axes           | 2 3 5 6 7 8 |  8.0
Fighting       | 3 4 5 6 |  6.1
Armour         | 3 4 |  4.7
Shields        | |  2.8

Action                   |  1- 3 |  4- 6 |  7- 9 || total
-------------------------+-------+-------+-------++-------
Melee: War axe           |   162 |    75 |    32 ||   269
       Flail             |       |       |   187 ||   187
       Short sword       |       |       |    41 ||    41
       Whip              |       |       |     4 ||     4
 Fire: Hunting sling     |       |     3 |       ||     3
Throw: Dart              |     1 |       |     5 ||     6
       Boomerang         |       |     4 |     3 ||     7
  Use: Potion            |       |     1 |     4 ||     5
       Scroll            |       |       |     5 ||     5
Armor: Chain mail        |   117 |    40 |   151 ||   308
Dodge: Dodged            |    57 |    26 |    90 ||   173
Block: Buckler           |    41 |    15 |    42 ||    98

Table legend: (Time is in decaauts)
 A = Elapsed time spent in this place.
 B = Non-inter-level travel time spent in this place.
 C = Inter-level travel time spent in this place.
 D = Time resting spent in this place.
 E = Time spent auto-exploring this place.
 F = Levels seen in this place.
 G = Mean time per level.
                   A        B        C        D        E       F      G
               +--------+--------+--------+--------+--------+-----+--------+
         Total |   6832 |   6324 |    508 |   1375 |   3418 |   7 |  976.0 |
       Dungeon |   6606 |   6098 |    508 |   1375 |   3418 |   6 | 1101.0 |
       Ossuary |    226 |    226 |      0 |      0 |      0 |   1 |  226.0 |
               +--------+--------+--------+--------+--------+-----+--------+

Top non-repeatable levels by time:
     D:3: 1731 daAuts
     D:5: 1290 daAuts
     D:1: 1219 daAuts
     D:4: 1141 daAuts
     D:2: 642 daAuts
     D:6: 580 daAuts
 Ossuary: 226 daAuts
